 Dungeon Crawl Stone Soup version 0.18-a0-1211-g828307d (webtiles) character file.

6481 Lathuz the Cleaver (level 10, -7/93 HPs)
             Began as a Minotaur Berserker on Feb 2, 2016.
             Was a High Priest of Trog.
             Succumbed to a queen ant's poison
             ... on level 8 of the Dungeon.
             The game lasted 00:18:45 (7155 turns).

Lathuz the Cleaver (Minotaur Berserker)             Turns: 7155, Time: 00:18:45

Health: -7/93      AC: 17    Str: 22    XL:     10   Next: 68%
Magic:  9/9        EV: 14    Int:  4    God:    Trog [*****.]
Gold:   362        SH:  0    Dex: 13    Spells: 0 memorised, 9 levels left

rFire  . . .     SeeInvis .     O - +0 battleaxe
rCold  . . .     Gourm    .     I - +0 plate armour
rNeg   . . .     Faith    .     (shield currently unavailable)
rPois  .         Spirit   .     y - +2 hat
rElec  .         Dismiss  .     q - +0 cloak
rCorr  .         Reflect  .     (no gloves)
SustAt .         Harm     .     (no boots)
MR     +....                    (no amulet)
Stlth  ..........               B - ring of protection from magic
                                j - +6 ring of evasion

@: lethally poisoned (-7 -> -85), exhausted, slowed, very slow, somewhat
resistant to hostile enchantments, extremely unstealthy
A: retaliatory headbutt, horns 2
a: Berserk, Trog's Hand, Brothers in Arms, Burn Spellbooks, Renounce Religion


You were on level 8 of the Dungeon.
You worshipped Trog.
Trog was extremely pleased with you.
You were not hungry.

You visited 1 branch of the dungeon, and saw 8 of its levels.
You also visited: Ossuary.

You collected 362 gold pieces.

Inventory:

Hand Weapons
 a - a +1 hand axe
 O - a +0 battleaxe (weapon)
Missiles
 u - 171 stones (quivered)
Armour
 q - a +0 cloak (worn)
 y - a +2 hat (worn)
 I - a +0 plate armour (worn)
Jewellery
 j - a +6 ring of evasion (left hand)
 B - a ring of protection from magic (right hand)
 N - an uncursed ring of flight
Wands
 l - a wand of confusion (14/48)
 w - a wand of confusion (10/48)
 E - a wand of paralysis (6/24)
 M - a wand of acid (3/15)
Scrolls
 b - a scroll of amnesia
 e - a scroll of random uselessness {unknown}
 f - 2 scrolls of identify
 h - a scroll of recharging {unknown}
 k - a scroll of teleportation
 m - 3 scrolls of immolation {unknown}
 o - 4 scrolls of remove curse
 r - 4 scrolls of enchant weapon
 s - a scroll of fear
 J - a scroll of fog {unknown}
 P - a scroll of blinking {unknown}
 Q - a scroll of enchant armour {unknown}
Potions
 d - 3 potions of cancellation
 g - 2 potions of mutation
 i - 3 potions of agility {unknown}
 n - 2 potions of heal wounds
 p - 2 potions of curing {unknown}
 v - 2 potions of resistance {unknown}
 x - 3 potions of might {unknown}
 z - a potion of invisibility {unknown}
 A - a potion of brilliance {unknown}
 C - a potion of magic {unknown}
 F - 2 potions of cure mutation {unknown}
 G - a potion of lignification {unknown}
 H - 2 potions of flight {unknown}
 K - 2 potions of poison {unknown}
 L - 2 potions of haste {unknown}
Comestibles
 c - 4 bread rations
 t - 3 beef jerkies
 D - 2 meat rations


   Skills:
 + Level 10.1 Fighting
 - Level 13.9 Axes
 + Level 10.0 Armour
 - Level 2.1 Dodging


You had 9 spell levels left.
You didn't know any spells.

Dungeon Overview and Level Annotations

Branches:
Dungeon (8/15)             Temple (0/1) D:7
   Lair: D:8-11

Altars:
Gozag
Makhleb
Nemelex Xobeh
Okawaru
Pakellas
Sif Muna
Vehumet
The Shining One

Shops:
D:5 :   D:6 (


Innate Abilities, Weirdness & Mutations

You reflexively headbutt those who attack you in melee.
You have a pair of horns on your head.


Message History

Your ogre hits the queen ant with a giant club!!
The queen ant barely misses you.
You hit the queen ant. Your headbutt misses the queen ant.
The queen ant is heavily wounded.
* * * LOW HITPOINT WARNING * * *
You feel extremely sick.
Your ogre hits the queen ant with a giant club!
The queen ant barely misses your ogre.
Your ogre hits the queen ant with a giant club!
The queen ant dies!
Trog accepts your kill.
Your Fighting skill increases to level 10!
Your Armour skill increases to level 10!
* * * LOW HITPOINT WARNING * * *
You feel extremely sick. The worker ant barely misses your ogre.
Your ogre hits the worker ant with a giant club!!
The worker ant dies!
Trog accepts your kill.
You die...

###............#
#.#.#
...............#
#.#..
#.....?......+
#.###
#....†.†.....#
#.# #
##.#†.††)...#
#.# #
#.#†......#
#########.###
#.†##.......+
.............
..a##.#.......#
#########.###
.a.. #....O†.@#
#...... ..#
##.......#
###.### .
#.(.?....# #.#
#.#.......# ###
...#..###### ..
#.. #.. ..


You could see a friendly ogre (berserk).

Vanquished Creatures
  The ghost of dvd the Covert, a novice OpTm of Ashenzari (D:8)
  The ghost of Voda the Ruffian, an amateur TrHu of Nemelex Xobeh (D:3)
  A troll (D:7)
  Prince Ribbit (D:5)
  Eustachio (D:5)
  A hungry ghost (D:7)
  Menkaure (Ossuary)
  7 soldier ants (D:8)
  2 ice beasts (D:7)
  6 orc warriors
  2 sky beasts
  A black bear (D:7)
  2 phantoms
  2 ogres
  2 centaurs (D:6)
  Blork the orc (D:6)
  A wyvern skeleton (D:6)
  3 scorpions
  4 killer bees (D:5)
  4 wights (D:7)
  A giant frog zombie (D:5)
  A centaur zombie (D:5)
  3 orc priests
  3 centaur skeletons
  3 hounds
  17 orc wizards
  4 giant frog skeletons
  Terence (D:3)
  5 iguanas
  10 worker ants
  A killer bee zombie (D:7)
  A hound zombie (D:5)
  The ghost of Voda the Scratcher, a weakling FeCK of Xom (D:4)
  A hound skeleton (D:4)
  2 mummies (Ossuary)
  A worker ant zombie (D:5)
  4 gnolls (D:4)
  10 adders
  An ooze (D:1)
  2 adder skeletons
  An adder zombie (D:5)
  5 worms
  3 giant geckos
  25 orcs
  A ball python (D:1)
  4 giant cockroaches
  10 goblins
  5 hobgoblins
  14 jackals
  2 quokkas
  9 bats
  12 giant newts
  4 gnoll skeletons (Ossuary)
  4 gnoll zombies (Ossuary)
  4 goblin skeletons (Ossuary)
  2 goblin zombies (Ossuary)
  2 hobgoblin skeletons (Ossuary)
  A hobgoblin zombie (Ossuary)
  6 kobolds
  A kobold skeleton (Ossuary)
  7 kobold zombies (Ossuary)
  3 orc skeletons (Ossuary)
  3 orc zombies (Ossuary)
  A quokka skeleton (D:6)
  A quokka zombie (D:5)
  6 rats
  A rat skeleton (Ossuary)
  A rat zombie (Ossuary)
254 creatures vanquished.

Vanquished Creatures (collateral kills)
  A queen ant (D:8)
  An ogre (D:5)
  A scorpion (D:5)
  A worker ant (D:8)
  A hound skeleton (D:5)
5 creatures vanquished.

Vanquished Creatures (others)
  A mummy (Ossuary)
  2 goblin zombies (Ossuary)
  2 hobgoblin skeletons (Ossuary)
  A hobgoblin zombie (Ossuary)
  2 kobold skeletons (Ossuary)
  A kobold zombie (Ossuary)
  6 orc skeletons (Ossuary)
  An orc zombie (Ossuary)
  2 rat zombies (Ossuary)
18 creatures vanquished.

Grand Total: 277 creatures vanquished

Notes
Turn   | Place    | Note
--------------------------------------------------------------
     0 | D:1      | Lathuz the Minotaur Berserker began the quest for the Orb.
     0 | D:1      | Reached XP level 1. HP: 19/19 MP: 0/0
   179 | D:1      | Reached skill level 4 in Axes
   179 | D:1      | Reached XP level 2. HP: 26/26 MP: 1/1
   372 | D:1      | Found a sparkling altar of Nemelex Xobeh.
   567 | D:1      | Reached skill level 5 in Axes
   683 | D:2      | Reached ** piety under Trog
   683 | D:2      | Reached XP level 3. HP: 31/31 MP: 2/2
  1715 | D:3      | Reached XP level 4. HP: 39/39 MP: 3/3
  1789 | D:3      | Reached skill level 6 in Axes
  1797 | D:3      | Noticed Voda's ghost (amateur TrHu)
  1803 | D:3      | Killed Voda's ghost
  1803 | D:3      | Reached skill level 8 in Axes
  1803 | D:3      | Reached XP level 5. HP: 42/45 MP: 4/4
  1803 | D:3      | Reached XP level 6. HP: 47/51 MP: 5/5
  2045 | D:3      | Reached *** piety under Trog
  2118 | D:3      | Noticed Terence
  2127 | D:3      | Killed Terence
  2405 | D:4      | Noticed Voda's ghost (weakling FeCK)
  2405 | D:4      | Reached skill level 9 in Axes
  2408 | D:4      | Killed Voda's ghost
  2434 | D:4      | Reached XP level 7. HP: 34/57 MP: 6/6
  2575 | D:4      | Found an opulent altar of Gozag.
  2621 | D:4      | Reached skill level 10 in Axes
  2988 | D:4      | Found an iron altar of Okawaru.
  3090 | D:4      | Reached skill level 11 in Axes
  3190 | D:4      | Found a burning altar of Makhleb.
  3359 | D:5      | Entered Level 5 of the Dungeon
  3365 | D:5      | Reached **** piety under Trog
  3365 | D:5      | Reached XP level 8. HP: 64/64 MP: 7/7
  3372 | D:5      | Reached skill level 12 in Axes
  3670 | D:5      | Found Ocuabawn's Book Boutique.
  3676 | D:5      | Noticed Prince Ribbit
  3692 | D:5      | Killed Prince Ribbit
  3698 | D:5      | Reached skill level 13 in Axes
  3930 | D:5      | Noticed Eustachio
  3947 | D:5      | Killed Eustachio
  4262 | D:6      | Reached XP level 9. HP: 68/70 MP: 8/8
  4579 | D:6      | Found a sand-covered staircase.
  4587 | Ossuary  | Entered an ossuary
  4820 | Ossuary  | Noticed Menkaure
  4827 | Ossuary  | Killed Menkaure
  4979 | D:6      | Found an oddly glowing altar of Pakellas.
  5024 | D:6      | Found Jucoutix's Antique Weapon Shop.
  5118 | D:6      | Noticed Blork the orc
  5130 | D:6      | Reached skill level 5 in Fighting
  5134 | D:6      | Killed Blork the orc
  5272 | D:6      | Reached skill level 5 in Armour
  5632 | D:6      | Found a deep blue altar of Sif Muna.
  5832 | D:7      | Found an iron altar of Okawaru.
  5835 | D:7      | Found a radiant altar of Vehumet.
  5849 | D:7      | Noticed a troll
  5859 | D:7      | Killed a troll
  6191 | D:7      | Reached XP level 10. HP: 85/88 MP: 9/9
  6368 | D:7      | Found a glowing golden altar of the Shining One.
  6469 | D:7      | Reached ***** piety under Trog
  6847 | D:7      | Found a staircase to the Ecumenical Temple.
  7049 | D:8      | Noticed dvd's ghost (novice OpTm)
  7058 | D:8      | Killed dvd's ghost
  7140 | D:8      | Noticed a queen ant
  7153 | D:8      | Killed a queen ant
  7153 | D:8      | Reached skill level 10 in Fighting
  7153 | D:8      | Reached skill level 10 in Armour
  7154 | D:8      | HP: 2/93 [poisoned by a queen ant]
  7155 | D:8      | Succumbed to a queen ant's poison

Vault maps used:
D:1:      roderic_crossed_star, nemelex_diamond_rough_becter
D:2:      first_bread, minmay_stone_trees_medium
D:3:      uniq_terence
D:4:      grunt_gozag_breadcrumbs, lightli_temple_of_fire,
          okawaru_metal_pillars_3
D:5:      serial_undead, serial_undead_e, serial_undead_d, serial_undead_a,
          serial_undead_e, serial_shops, shop, uniq_prince_ribbit1,
          uniq_eustachio
D:6:      kennysheep_orc_sif_temple, lightli_ossuary_entry_decrepit_ruins,
          serial_shops, shop, hangedman_glass_teeth, grunt_pakellas_mercury,
          uniq_blork_the_orc
D:7:      nicolae_overflow_hidden_temple, minmay_temple_entry_nine_rooms
D:8:      minmay_another_anthill
Ossuary:  ossuary_due_pyramid

Action                   |  1- 3 |  4- 6 |  7- 9 | 10-12 || total
-------------------------+-------+-------+-------+-------++-------
Melee: Hand axe          |    81 |    53 |   436 |       ||   570
       Battleaxe         |       |       |    37 |   112 ||   149
Throw: Stone             |       |       |       |     5 ||     5
Invok: Burn Spellbooks   |     1 |       |       |       ||     1
       Berserk           |       |     3 |     6 |     3 ||    12
       Brothers in Arms  |       |       |     1 |     1 ||     2
       Trog's Hand       |       |       |     1 |       ||     1
  Use: Scroll            |       |       |     8 |     4 ||    12
       Potion            |       |       |       |     2 ||     2
  Eat: Chunk             |     2 |     1 |    16 |     5 ||    24
       Meat ration       |       |     1 |       |       ||     1
       Beef jerky        |       |       |     2 |       ||     2
       Bread ration      |       |       |       |     1 ||     1
       Pizza             |       |       |       |     1 ||     1
